 Dungeon Crawl Stone Soup version 0.22.1-1-ga44c0e5 (webtiles) character file.

160029 aMcNicky the Severer (level 18, -4/145 HPs)
             Began as a Formicid Fighter on Oct 7, 2018.
             Was a High Priest of Cheibriados.
             Slain by a nagaraja
             ... wielding a +0 club
              (7 damage)
             ... on level 4 of the Snake Pit.
             The game lasted 01:47:11 (31805 turns).

aMcNicky the Severer (Formicid Fighter)            Turns: 31805, Time: 01:47:11

Health: -4/145     AC: 30    Str: 39    XL:     18   Next: 38%
Magic:  3/28       EV: 15    Int: 25    God:    Cheibriados [*****.]
Gold:   3597       SH: 18    Dex: 30    Spells: 14/29 levels left

rFire    + . .     SeeInvis +   a - +5 battleaxe (freeze)
rCold    . . .     Gourm    .   C - +1 shield {AC+3}
rNeg     . . .     Faith    +   K - +4 plate armour {rF+}
rPois    +         Spirit   .   (helmet unavailable)
rElec    .         Reflect  .   g - scarf {repulsion}
rCorr    .         Harm     .   h - +2 pair of gloves
MR       ++...                  e - +2 pair of boots
Stlth    ..........             J - amulet of faith
HPRegen  0.34/turn              D - ring of protection from magic
MPRegen  0.21/turn              P - ring of poison resistance

@: agile, very slightly contaminated, constricted, invisible, repel missiles,
very slow
A: permanent stasis, dig shafts and tunnels, four strong arms, antennae 3
a: Dig, Shaft Self, Bend Time, Temporal Distortion, Slouch, Step From Time,
Renounce Religion


You were on level 4 of the Snake Pit.
You worshipped Cheibriados.
Cheibriados was extremely pleased with you.
You were hungry.

You visited 4 branches of the dungeon, and saw 27 of its levels.
You also visited: Sewer and Bailey.

You collected 4093 gold pieces.
You spent 496 gold pieces at shops.

Inventory:

Hand Weapons
 a - a +5 battleaxe of freezing (weapon)
 b - the +1 arbalest "Cuobbeg" {venom, rN++ Int+2 Dex-4 Stlth+}
   (You bought it in a shop on level 5 of the Dungeon)

   It poisons the ammo it fires.
   It affects your intelligence (+2).
   It affects your dexterity (-4).
   It greatly protects you from negative energy.
   It makes you more stealthy.
 W - the +8 Wrath of Trog {antimagic, *Rage}
   (You found it on level 14 of the Dungeon)

   It reduces the magical energy of the wielder, and disrupts the spells and
   magical abilities of those hit.
   Natural abilities and divine invocations are not affected.
   It may make you go berserk in combat.
Missiles
 B - 248 bolts
Armour
 e - a +2 pair of boots (worn)
 g - a scarf of repulsion (worn)
 h - a +2 pair of gloves (worn)
 C - a +1 shield of protection (worn)
 K - a +4 plate armour of fire resistance (worn)
 L - the +2 ring mail "Veqask" {rElec rF- rCorr}
   (You found it on level 10 of the Dungeon)

   It makes you vulnerable to fire.
   It insulates you from electricity.
   It provides partial protection from all sources of acid and corrosion.
Jewellery
 o - an uncursed ring of wizardry
 x - a +5 ring of intelligence
 D - a ring of protection from magic (left hand)
 J - an amulet of faith (around neck)
 P - a ring of poison resistance (right hand)
 U - an uncursed amulet of harm {unknown}
Wands
 l - a wand of paralysis (40)
 v - a wand of disintegration (32)
 y - a wand of iceblast (21)
 E - a wand of flame (65)
 G - a wand of polymorph (39)
 O - a wand of clouds (9)
 R - a wand of acid (33)
 X - a wand of digging (21)
 Y - a wand of enslavement (14)
Scrolls
 i - 8 scrolls of amnesia
 j - 6 scrolls of remove curse {@r2}
 m - a scroll of enchant armour
 p - 3 scrolls of magic mapping
 r - 6 scrolls of fog
 t - 9 scrolls of immolation
 u - a scroll of holy word {unknown}
 A - 2 scrolls of enchant weapon
 M - 2 scrolls of brand weapon {unknown}
 Q - a scroll of summoning {unknown}
 T - 6 scrolls of identify {@r1}
 V - 2 scrolls of silence
 Z - 2 scrolls of random uselessness {unknown}
Potions
 c - a potion of mutation {unknown}
 d - 4 potions of might
 k - 4 potions of flight
 n - a potion of resistance {unknown}
 s - a potion of experience {unknown}
 w - 14 potions of curing {@q1}
 z - 5 potions of brilliance
 H - 4 potions of cancellation
 I - 3 potions of agility
 N - 3 potions of lignification
 S - 3 potions of invisibility
Comestibles
 f - 48 rations


   Skills:
 + Level 13.7 Fighting
 * Level 17.0 Axes
 - Level 7.0 Crossbows
 + Level 13.2 Armour
 - Level 4.1 Dodging
 + Level 14.2 Shields
 - Level 6.0 Spellcasting
 - Level 6.0 Earth Magic
 + Level 13.5 Invocations


You had 14 spell levels left.
You knew the following spells:

 Your Spells              Type           Power        Failure   Level  Hunger
a - Shatter               Erth           #####.....   100%        9    #######
b - Iron Shot             Conj/Erth      ###.......   100%        6    ######.

Your spell library contained the following spells:

 Spells                   Type           Power        Failure   Level  Hunger
 Magic Dart               Conj           #...         30%         1    None
 Poisonous Vapours        Pois/Air       #.....       41%         2    None
 Searing Ray              Conj           #.....       41%         2    None
 Conjure Flame            Conj/Fire      #.......     65%         3    None
 Dazzling Spray           Conj/Hex       #.....       65%         3    None
 Mephitic Cloud           Conj/Pois/Air  #.......     65%         3    None
 Leda's Liquefaction      Hex/Erth       ###.......   65%         4    ###....
 Force Lance              Conj/Tloc      #.......     96%         4    ###....
 Fulminant Prism          Conj/Hex       #.........   96%         4    ###....
 Ice Form                 Ice/Tmut       #.......     96%         4    ###....
 Iskenderun's Mystic Bla  Conj           #.......     96%         4    ###....
 Bolt of Magma            Conj/Fire/Erth ###.......   98%         5    #####..
 Metabolic Englaciation   Hex/Ice        #.........   100%        5    #####..
 Bolt of Cold             Conj/Ice       #.........   100%        6    ######.
 Freezing Cloud           Conj/Ice/Air   #.........   100%        6    ######.
 Ozocubu's Refrigeration  Ice            #.........   100%        6    ######.
 Simulacrum               Ice/Necr       #.........   100%        6    ######.
 Statue Form              Tmut/Erth      ###......    100%        6    ######.
 Ring of Flames           Chrm/Fire      #.........   100%        7    #######


Dungeon Overview and Level Annotations

Branches:
Dungeon (15/15)            Temple (0/1) D:4            Lair (6/6) D:8
 Shoals (0/4) Lair:3        Snake (4/4) Lair:3        Slime (0/5) Lair:5
    Orc (2/2) D:12            Elf (0/3) Orc:2        Vaults (0/5) D:13
 Depths (0/5) D:15

Altars:
Cheibriados
Dithmenos
Fedhas
Gozag
Okawaru
Qazlal
Ru
Sif Muna
Trog
Vehumet
Wu Jian
Xom
Yredelemnul
Zin
The Shining One

Shops:
D:5 ([   D:6 %   D:15 !*%   Orc:2 [(*=   Snake:1 *%

Portals:
Trove: D:15 (give +5 demon whip)

Annotations:
D:4 3 runed doors, brandon's ghost, novice MiBe


Innate Abilities, Weirdness & Mutations

You cannot be hasted, slowed, berserked, paralysed or teleported.
You can dig through walls and to a lower floor.
Your four strong arms can wield two-handed weapons with a shield.
You have a pair of large antennae on your head. (SInv)


Message History

The splash of poison misses the nagaraja.
The nagaraja hits you but does no damage.
* * * LOW HITPOINT WARNING * * *
The nagaraja constricts you. You block the naga warrior's attack.
You feel better.
The nagaraja hits you but does no damage.
* * * LOW HITPOINT WARNING * * *
The nagaraja constricts you. You block the naga's attack. x2
The naga warrior hits you from afar with a halberd.
* * * LOW HITPOINT WARNING * * *
A naga comes into view. It is wielding a scimitar.
Okay, then.
Okay, then.
You escape the nagaraja's grasp.
A naga comes into view. It is wielding a short sword.
The naga shouts!
You block the nagaraja's attack. The nagaraja grabs you.
The nagaraja constricts you. You block the naga's attack.
The nagaraja hits you with a club!
You die...

#..........###..#
####...#.......##
##..##.......###
#......)...)<.# #
####(.........####.. .#.
#.....#........##... #.#
###...N.......##{..#
##.# ##....§§N§..##...#
{
#..####.....§N§@NN#...#
{
##.....)).....§§§#.'((#
{
......).)N...§NN§#))((#
{
......))......§§§§)#...#
...))..........§.))##...
..))................##..
........^............##N
............N.........#
.......................#


You could see a naga warrior, 2 nagarajas, a naga sharpshooter and 3 nagas.

Vanquished Creatures
  A nagaraja (Snake:3)
  An orc warlord (Orc:2)
  2 entropy weavers (Lair:6)
  Nessos (Lair:5)
  A dire elephant (Lair:4)
  A great orb of eyes (D:12)
  14 hydras
  4 vault guards (D:13)
  A death knight (D:15)
  An ogre mage (D:12)
  9 naga warriors
  9 centaur warriors
  A tengu warrior (D:13)
  5 anacondas
  A two-headed ogre (D:15)
  2 catoblepae (Lair:6)
  8 naga sharpshooters
  A queen ant (Lair:6)
  3 orc high priests (Orc:2)
  9 death yaks (Lair:6)
  4 shock serpents
  5 spriggan berserkers (D:14)
  A fire crab (D:12)
  A salamander mystic (Snake:3)
  A fire crab (shapeshifter) (D:13)
  Nergalle (Lair:1)
  2 unseen horrors
  2 lindwurms
  6 naga ritualists
  7 orc knights
  5 ugly things
  3 deep elf magi
  A harpy (D:12)
  3 orc sorcerers
  9 manticores
  5 mana vipers
  4 oklob plants (Lair:5)
  5 cyclopes
  12 salamanders
  27 elephants
  24 black mambas
  An elephant (shapeshifter) (D:15)
  3 centaur zombies
  3 guardian serpents
  10 naga magi
  10 spiny frogs
  2 kobold demonologists
  3 gargoyles (D:12)
  3 rime drakes
  5 komodo dragons
  A torpor snail (Lair:6)
  2 efreet
  A yaktaur (D:12)
  A freezing wraith (D:12)
  11 trolls
  2 polar bears
  7 dream sheep (Lair:6)
  15 hippogriffs
  7 slime creatures
  3 shadows
  A vampire (D:12)
  A spriggan (D:7)
  35 yaks
  7 wraiths
  4 wyverns
  Grum (D:11)
  3 hungry ghosts
  3 basilisks
  A steam dragon (D:12)
  4 vampire mosquitoes (D:14)
  37 nagas
  An acid dragon (D:12)
  8 wargs
  25 soldier ants (Lair:6)
  10 porcupines
  14 water moccasins
  Duvessa (D:5)
  39 orc warriors
  5 ice beasts
  5 sky beasts
  An eye of draining (D:10)
  6 necrophages
  A black bear (D:10)
  12 ogres
  3 phantoms
  17 centaurs
  31 wolves
  11 crocodiles
  2 big kobolds
  An elf zombie (D:11)
  19 bullfrogs
  A gnoll sergeant (D:9)
  7 scorpions
  Dowan (D:5)
  8 killer bees
  15 wights
  3 howler monkeys
  12 crimson imps
  2 jellies
  3 hounds
  A quasit (D:9)
  4 bullfrog skeletons
  3 human zombies (D:11)
  17 orc priests
  24 orc wizards
  3 centaur skeletons
  Terence (D:3)
  2 hell rats (Lair:5)
  2 human skeletons (D:11)
  6 iguanas
  28 worker ants
  A hound skeleton (D:4)
  A mummy (D:11)
  A howler monkey zombie (D:8)
  A howler monkey skeleton (D:4)
  10 adders
  14 gnolls
  11 river rats
  2 shadow imps
  3 oozes
  2 adder zombies (D:5)
  6 worms
  5 dart slugs
  5 leopard geckos
  102 orcs
  10 bats
  11 giant cockroaches
  12 goblins
  12 hobgoblins
  13 jackals
  15 kobolds
  7 quokkas
  3 ball pythons
  4 frilled lizards
  A leopard gecko skeleton (D:3)
  2 quokka zombies
  18 rats
  10 fungi
  4 plants
1031 creatures vanquished.

Vanquished Creatures (others)
  2 centaurs (D:15)
  An orc priest (Orc:1)
  An orc wizard (D:13)
  3 orcs
  38 fungi
  12 plants
57 creatures vanquished.

Grand Total: 1088 creatures vanquished

Notes
Turn   | Place    | Note
-------+----------+-------------------------------------------
     0 | D:1      | aMcNicky the Formicid Fighter began the quest for the Orb.
     0 | D:1      | Reached XP level 1. HP: 18/18 MP: 1/1
   241 | D:1      | Reached XP level 2. HP: 24/24 MP: 2/2
   498 | D:1      | Reached XP level 3. HP: 30/30 MP: 3/3
   739 | D:1      | Reached skill level 3 in Axes
  1121 | D:2      | Found an opulent altar of Gozag.
  1158 | D:2      | You fall through a shaft for 2 floors!
  1175 | D:4      | Found a shadowy altar of Dithmenos.
  1294 | D:4      | Reached XP level 4. HP: 37/37 MP: 4/4
  1684 | D:2      | Found a shadowy altar of Dithmenos.
  1685 | D:2      | Found a shimmering altar of Xom.
  1685 | D:2      | Found a snail-covered altar of Cheibriados.
  1685 | D:2      | Found a sacrificial altar of Ru.
  1703 | D:2      | Found a glowing golden altar of the Shining One.
  1703 | D:2      | Found a glowing silver altar of Zin.
  1714 | D:2      | Became a worshipper of Cheibriados the Contemplative
  1867 | D:2      | Reached XP level 5. HP: 43/43 MP: 5/5
  1898 | D:2      | Reached skill level 4 in Axes
  2138 | D:2      | Reached * piety under Cheibriados
  2151 | D:2      | Found an ornate altar of the Wu Jian Council.
  2344 | D:3      | Noticed a moth of wrath
  2347 | D:3      | Found a bloodstained altar of Trog.
  2541 | D:3      | Noticed Terence
  2556 | D:3      | Killed Terence
  2622 | D:3      | Noticed a phantom
  2631 | D:3      | Reached XP level 6. HP: 50/50 MP: 6/6
  2684 | D:3      | Killed a phantom
  2684 | D:3      | Reached skill level 5 in Fighting
  2684 | D:3      | Reached skill level 5 in Axes
  2979 | D:3      | Reached ** piety under Cheibriados
  3144 | D:4      | Found a staircase to the Ecumenical Temple.
  3146 | D:4      | Noticed an ogre
  3151 | D:4      | Reached XP level 7. HP: 56/56 MP: 7/7
  3158 | D:4      | Reached skill level 6 in Axes
  3468 | D:4      | Found a runed gate.
  3468 | D:4      | Found a runed gate.
  3468 | D:4      | Found a runed gate.
  3474 | D:4      | Noticed brandon's ghost (novice MiBe)
  3840 | D:5      | Entered Level 5 of the Dungeon
  3845 | D:5      | Found Cawext's Antique Armour Boutique.
  3900 | D:5      | Found a glowing drain.
  3924 | Sewer    | Entered a sewer
  3985 | Sewer    | Reached *** piety under Cheibriados
  3994 | Sewer    | Reached skill level 1 in Invocations
  3994 | Sewer    | Reached XP level 8. HP: 64/64 MP: 8/8
  4017 | Sewer    | Found a white marble altar of Elyvilon.
  4389 | D:5      | Reached skill level 7 in Axes
  4645 | D:5      | Noticed Dowan
  4646 | D:5      | Noticed Duvessa
  4663 | D:5      | Killed Dowan
  4800 | D:5      | Killed Duvessa
  4849 | D:5      | Found a blossoming altar of Fedhas.
  4852 | D:5      | Found a deep blue altar of Sif Muna.
  4855 | D:5      | Found a bloodstained altar of Trog.
  5013 | D:5      | Found Bareps's Antique Weapon Shop.
  5034 | D:5      | Bought a brightly glowing arbalest for 247 gold pieces
  5034 | D:5      | Identified the cursed +1 arbalest "Cuobbeg" {venom, rN++
                  | Int+2 Dex-4 Stlth+} (You bought it in a shop on level 5 of
                  | the Dungeon)
  5145 | D:6      | Reached skill level 5 in Shields
  5145 | D:6      | Reached XP level 9. HP: 71/71 MP: 11/11
  5261 | D:6      | Reached skill level 8 in Axes
  5352 | D:6      | Reached skill level 5 in Armour
  5353 | D:6      | Reached **** piety under Cheibriados
  5839 | D:6      | Reached XP level 10. HP: 77/79 MP: 13/13
  5921 | D:6      | Found a radiant altar of Vehumet.
  5942 | D:6      | Found Qewk's Food Boutique.
  6427 | D:7      | Reached skill level 9 in Axes
  6432 | D:7      | Reached ***** piety under Cheibriados
  6432 | D:7      | Reached skill level 5 in Invocations
  7450 | D:8      | Found a staircase to the Lair.
  7920 | D:9      | Reached skill level 10 in Axes
  8108 | D:9      | Found an iron altar of Okawaru.
  8307 | D:9      | Reached ****** piety under Cheibriados
  8328 | D:9      | Reached XP level 11. HP: 87/87 MP: 15/15
  8952 | D:10     | Entered Level 10 of the Dungeon
  9532 | D:10     | Got a warped ring mail
  9543 | D:10     | Identified the +2 ring mail "Veqask" {rElec rF- rCorr} (You
                  | found it on level 10 of the Dungeon)
  9869 | D:11     | Noticed Grum
  9870 | D:11     | Reached skill level 11 in Axes
  9875 | D:11     | Killed Grum
 10092 | D:11     | Noticed a purple ugly thing
 10103 | D:11     | Killed a purple ugly thing
 10154 | D:11     | Noticed a cyclops
 10160 | D:11     | Killed a cyclops
 10390 | D:11     | Noticed a green ugly thing
 10404 | D:11     | Killed a green ugly thing
 10418 | D:11     | Reached XP level 12. HP: 92/96 MP: 17/17
 10424 | D:11     | Found a basalt altar of Yredelemnul.
 10507 | D:11     | Reached skill level 1 in Crossbows
 10507 | D:11     | Reached skill level 1 in Dodging
 10932 | D:12     | Found a flagged portal.
 10941 | Bailey   | Entered a bailey
 11809 | Lair:1   | Entered Level 1 of the Lair of Beasts
 12263 | Lair:1   | Reached skill level 12 in Axes
 12414 | Lair:1   | Reached skill level 10 in Fighting
 12458 | Lair:1   | Noticed Nergalle
 12468 | Lair:1   | Killed Nergalle
 12738 | Lair:1   | Reached XP level 13. HP: 103/103 MP: 19/19
 13106 | Lair:2   | Noticed an eight-headed hydra
 13110 | Lair:2   | Killed an eight-headed hydra
 13217 | Lair:2   | Noticed a six-headed hydra
 13225 | Lair:2   | Killed a six-headed hydra
 13225 | Lair:2   | Reached skill level 10 in Shields
 14134 | Lair:3   | Noticed a five-headed hydra
 14140 | Lair:3   | Killed a five-headed hydra
 14313 | Lair:3   | Found a staircase to the Snake Pit.
 14435 | Lair:3   | Reached skill level 13 in Axes
 14516 | Lair:3   | Found a staircase to the Shoals.
 14941 | Lair:4   | You fall through a shaft!
 15033 | Lair:5   | Reached skill level 10 in Invocations
 15053 | Lair:5   | Noticed a five-headed hydra
 15060 | Lair:5   | Killed a five-headed hydra
 15060 | Lair:5   | Reached skill level 10 in Armour
 15060 | Lair:5   | Reached XP level 14. HP: 92/113 MP: 21/21
 15225 | Lair:5   | Found a staircase to the Slime Pits.
 15301 | Lair:5   | Noticed Nessos
 15376 | Lair:5   | Killed Nessos
 16045 | Lair:5   | Found a stormy altar of Qazlal.
 16594 | Lair:4   | Noticed a dire elephant
 16616 | Lair:4   | Killed a dire elephant
 17054 | Lair:4   | Found a shimmering altar of Xom.
 17206 | Lair:4   | Reached skill level 14 in Axes
 17716 | Lair:6   | Entered Level 6 of the Lair of Beasts
 18220 | Lair:6   | Noticed an entropy weaver
 18634 | D:12     | Reached XP level 15. HP: 105/120 MP: 23/23
 19574 | D:12     | Found a staircase to the Orcish Mines.
 20440 | D:12     | Reached skill level 5 in Crossbows
 20916 | D:13     | Reached skill level 15 in Axes
 20933 | D:13     | Found a gate to the Vaults.
 22023 | D:14     | Reached XP level 16. HP: 105/129 MP: 11/24
 22031 | D:14     | You fall through a shaft!
 22031 | D:15     | Entered Level 15 of the Dungeon
 22031 | D:15     | Found Liugiulo's Distillery.
 22313 | D:15     | Found Wuevairr's General Store.
 22527 | D:14     | Found the +8 Wrath of Trog {antimagic, *Rage}
 23101 | D:15     | Found Cihiolisch's Food Shop.
 23446 | D:15     | Found a portal to a secret trove of treasure.
 23779 | D:15     | Found a staircase to the Depths.
 24333 | Lair:6   | Learned a level 9 spell: Shatter
 24340 | Lair:6   | Learned a level 6 spell: Iron Shot
 24381 | Lair:6   | Reached skill level 1 in Earth Magic
 24386 | Lair:6   | Reached skill level 1 in Spellcasting
 25576 | Lair:6   | Got a smoking marble ring
 25577 | Lair:6   | Identified the ring "Kitesmet" {*Drain MP+9 Str+6 Dex+2
                  | SInv} (You found it on level 6 of the Lair of Beasts)
 25654 | Lair:6   | Reached XP level 17. HP: 136/136 MP: 26/26
 26082 | Orc:1    | Entered Level 1 of the Orcish Mines
 26357 | Orc:1    | Reached skill level 16 in Axes
 26418 | Orc:2    | Entered Level 2 of the Orcish Mines
 26534 | Orc:2    | Found a staircase to the Elven Halls.
 26539 | Orc:2    | Found Supraob's Jewellery Emporium.
 26745 | Orc:2    | Found Hyujeug's General Store.
 27073 | Orc:2    | Reached skill level 5 in Earth Magic
 27239 | Orc:2    | Bought a scroll of fog for 32 gold pieces
 27393 | Orc:2    | Found Qepluos's Antique Armour Shoppe.
 27402 | Orc:2    | Bought a glowing shield for 217 gold pieces
 27442 | Orc:2    | Found Voujuk Koce's Antique Weapon Boutique.
 27915 | Snake:1  | Entered Level 1 of the Snake Pit
 28055 | Snake:1  | Found Vyutuc's Food Shop.
 28055 | Snake:1  | Found Kuzy's General Store.
 28895 | Snake:2  | Reached skill level 5 in Spellcasting
 31312 | Snake:4  | Entered Level 4 of the Snake Pit
 31333 | Snake:4  | Reached XP level 18. HP: 143/144 MP: 23/27
 31771 | Snake:4  | Reached skill level 17 in Axes
 31800 | Snake:4  | HP: 2/145 [nagaraja/club (7)]
 31805 | Snake:4  | Slain by a nagaraja

Skill      XL: |  1  2  3  4  5  6  7  8  9 10 11 12 13 14 15 16 17 18 |
---------------+-------------------------------------------------------+-----
Fighting       | 4 5 6 7 8 9 10 11 12 13 | 13.7
Axes           | 3 4 5 6 7 8 10 11 12 13 14 15 16 17 | 17.0
Shields        | 4 5 6 7 9 10 11 12 13 14 | 14.2
Invocations    | 1 3 4 6 7 8 10 11 12 13 | 13.5
Armour         | 4 5 6 8 10 11 12 13 | 13.2
Crossbows      | 4 6 7 |  7.0
Dodging        | 3 4 |  4.1
Earth Magic    | 4 6 |  6.0
Spellcasting   | 3 6 |  6.0

Action                   |  1- 3 |  4- 6 |  7- 9 | 10-12 | 13-15 | 16-18 || total
-------------------------+-------+-------+-------+-------+-------+-------++-------
Melee: War axe           |   125 |   112 |       |       |       |       ||   237
       Mace              |       |    36 |       |       |       |       ||    36
       Hand axe          |       |    80 |   325 |       |       |       ||   405
       Battleaxe         |       |       |    11 |   487 |   539 |   745 ||  1782
 Fire: Arbalest          |       |       |    28 |    48 |   153 |   162 ||   391
Invok: Bend Time         |       |       |     4 |     4 |    13 |    19 ||    40
       Slouch            |       |       |     1 |     1 |     1 |    12 ||    15
       Temporal Distorti |       |       |       |       |     2 |       ||     2
       Step From Time    |       |       |       |       |       |     1 ||     1
 Abil: Dig               |       |       |       |       |     1 |     1 ||     2
       Shaft Self        |       |       |       |       |       |     1 ||     1
  Use: Scroll            |     5 |     1 |     3 |    12 |    14 |     5 ||    40
       Potion            |       |       |       |     1 |     1 |    11 ||    13
 Stab: Distracted        |       |       |       |       |     1 |       ||     1
       Invisible         |       |       |       |       |       |    15 ||    15
       Petrified         |       |       |       |       |       |     7 ||     7
       Petrifying        |       |       |       |       |       |     1 ||     1
  Eat: Chunk             |     1 |     5 |     2 |     9 |     8 |     6 ||    31
       Ration            |       |       |     1 |     2 |     3 |     4 ||    10
Armor: Scale mail        |    70 |    94 |    34 |       |       |       ||   198
       Plate armour      |       |       |    81 |   240 |   278 |   280 ||   879
Dodge: Dodged            |    41 |    84 |    72 |   170 |   243 |   264 ||   874
       Deflected         |       |     3 |     3 |    20 |    27 |    50 ||   103
Block: Shield            |    66 |   122 |   167 |   456 |   486 |   744 ||  2041
